Map: Newkirk Precinct TE (Void)

Players

Probe

  • Race: Protoss Protoss
  • Spawn Location: 7:00

Cham - Winner!

  • Race: Zerg Zerg
  • Spawn Location: 5:00

Event: WCS Austin 2017

VOD

Have the link to the VOD?

Description

Time

  • Played on: April 29, 2017, 2:10 p.m.
  • Length: 10:44

All games in this series

Show
View Real Time Build Order
Export as new Build Order

Probe Protoss 

Build Orders: 1 Gate Expand, Oracle Opening, Phoenix Opening 

Get SALT Encoding   

  12  0:00  Probe (Chrono Boost)  
  13  0:11  Probe (Chrono Boost)  
  14  0:18  Pylon  
  14  0:22  Probe (Chrono Boost)  
  15  0:37  Probe (Chrono Boost)  
  15  0:39  Gateway  
  16  0:45  Assimilator  
  16  0:47  Probe (Chrono Boost)  
  17  0:58  Probe (Chrono Boost)  
  18  1:08  Probe (Chrono Boost)  
  19  1:22  Nexus  
  19  1:24  Probe (Chrono Boost)  
  20  1:34  Cybernetics Core  
  20  1:38  Probe (Chrono Boost)  
  21  1:46  Assimilator  
  21  1:48  Probe (Chrono Boost)  
  22  1:54  Pylon  
  22  1:59  Probe (Chrono Boost)  
  23  2:09  Adept  
  23  2:11  Warp Gate  
  23  2:14  Probe (Chrono Boost)  
  26  2:26  Probe (Chrono Boost)  
  27  2:34  Probe (Chrono Boost), Adept  
  27  2:35  Stargate  
  29  2:38  Probe (Chrono Boost)  
  31  2:45  Probe (Chrono Boost)  
  31  2:50  Probe (Chrono Boost)  
  33  2:56  Probe (Chrono Boost)  
  34  3:01  Probe (Chrono Boost)  
  34  3:05  Adept  
  37  3:06  Probe (Chrono Boost)  
  37  3:12  Probe (Chrono Boost)  
  39  3:14  Pylon, Oracle  
  39  3:18  Probe (Chrono Boost)  
  43  3:22  Probe (Chrono Boost)  
  44  3:30  Probe (Chrono Boost)  
  44  3:33  Probe (Chrono Boost)  
  46  3:34  Gateway x2  
  47  3:42  Probe (Chrono Boost)  
  47  3:43  Probe (Chrono Boost)  
  47  3:46  Pylon  
  48  3:54  Probe x2 (Chrono Boost)  
  50  3:56  Phoenix  
  50  4:05  Probe (Chrono Boost)  
  50  4:06  Probe (Chrono Boost)  
  50  4:15  Nexus  
  50  4:16  Pylon  
  51  4:17  Adept  
  51  4:18  Probe (Chrono Boost)  
  51  4:21  Pylon  
  53  4:26  Assimilator  
  53  4:29  Adept  
  57  4:32  Mothership Core (Chrono Boost)  
  57  4:39  Adept x2  
  57  4:44  Probe (Chrono Boost)  
  61  4:52  Twilight Council  
  61  4:54  Nexus  
  61  4:55  Probe (Chrono Boost)  
  61  4:56  Probe (Chrono Boost)  
  61  4:57  Pylon  
  63  5:05  Probe (Chrono Boost), Adept x3  
  71  5:08  Probe (Chrono Boost)  
  71  5:16  Probe (Chrono Boost), Resonating Glaives  
  71  5:20  Gateway x2  
  72  5:26  Gateway x2  
  72  5:30  Gateway  
  72  5:39  Robotics Facility  
  72  5:48  Gateway, Adept  
  74  5:50  Gateway  
  74  5:56  Probe (Chrono Boost)  
  76  5:57  Adept x2  
  76  5:58  Probe (Chrono Boost)  
  76  6:01  Pylon  
  80  6:21  Warp Prism  
  80  6:24  Adept x3  
  76  6:30  Pylon  
  72  6:33  Adept x3  
  72  6:35  Probe (Chrono Boost)  
  72  6:37  Probe x2 (Chrono Boost)  
  81  6:45  Adept x5  
  81  6:46  Adept  
  93  6:49  Adept  
  93  6:53  Warp Prism  
  97  7:23  Adept x10  
  117  7:30  Pylon x3  
  107  7:45  Adept x5  
  89  8:07  Adept x7  
  89  8:08  Adept  
  82  8:14  Probe (Chrono Boost)  
  82  8:16  Probe (Chrono Boost)  
  82  8:17  Assimilator, Templar Archives  
  82  8:19  Assimilator  
  84  8:21  Assimilator  
  80  8:27  Adept x4  
  80  8:28  Adept x3  
  86  8:34  Probe (Chrono Boost)  
  86  8:36  Immortal  
  86  8:38  Probe x2 (Chrono Boost)  
  81  8:45  Probe (Chrono Boost)  
  81  8:46  Psionic Storm  
  86  8:51  Adept x3  
  78  9:06  High Templar x2  
  82  9:11  Probe (Chrono Boost)  
  82  9:12  Probe (Chrono Boost)  
  82  9:14  Forge  
  82  9:15  Adept  
  82  9:16  Adept  
  88  9:19  Immortal  
  88  9:22  High Templar  
  94  9:32  High Templar  
  94  9:33  Adept  
  98  9:45  Adept x4  
  102  9:50  Adept  
  102  9:52  Adept x2  
  106  10:01  Adept  
  106  10:02  Adept  
  106  10:05  High Templar  
  106  10:06  Adept x4  
  103  10:22  Adept  
  103  10:23  Adept x4  
  103  10:26  Archon  
  99  10:28  Adept  
  99  10:29  Adept  
Show
View Real Time Build Order
Export as new Build Order

Cham Zerg - Winner!

Build Orders: Hatch First 

Get SALT Encoding   

  12  0:00  Drone  
  13  0:08  Drone  
  14  0:17  Overlord  
  14  0:35  Drone  
  15  0:44  Hatchery  
  15  0:49  Drone  
  15  0:51  Drone  
  15  0:55  Drone  
  17  1:00  Drone  
  18  1:10  Extractor  
  17  1:16  Spawning Pool  
  17  1:18  Drone  
  17  1:22  Drone  
  18  1:33  Drone  
  19  1:50  Drone, Hatchery  
  19  1:53  Drone  
  20  1:57  Drone  
  21  2:04  Queen  
  21  2:07  Drone  
  24  2:15  Overlord  
  24  2:20  Drone  
  24  2:21  Drone  
  26  2:30  Queen  
  28  2:37  Zergling x2  
  28  2:38  Zergling x4  
  28  2:44  Queen  
  31  2:50  Overlord  
  33  2:51  Drone  
  33  2:54  Drone  
  33  2:57  Metabolic Boost  
  35  3:01  Drone  
  35  3:04  Zergling x2  
  35  3:05  Zergling x2  
  38  3:10  Queen  
  40  3:15  Drone x2  
  40  3:18  Drone  
  40  3:19  Drone  
  44  3:26  Drone x3  
  47  3:30  Spore Crawler  
  46  3:36  Drone, Spore Crawler  
  46  3:38  Drone  
  46  3:41  Zergling x2  
  48  3:42  Zergling x2  
  49  3:55  Zergling x4  
  48  4:01  Drone x2  
  48  4:02  Drone  
  50  4:03  Overlord  
  50  4:09  Evolution Chamber  
  48  4:10  Baneling Nest  
  48  4:11  Drone  
  48  4:12  Drone  
  49  4:19  Overlord  
  49  4:23  Drone x4  
  53  4:25  Drone  
  53  4:26  Drone  
  53  4:29  Drone  
  56  4:33  Drone  
  56  4:34  Drone  
  56  4:37  Overlord  
  57  4:39  Drone  
  57  4:43  Overlord x2  
  57  4:44  Drone  
  56  4:49  Zerg Melee Weapons Level 1  
  56  4:50  Zergling x2  
  56  4:51  Zergling x2  
  58  4:56  Zergling x2  
  58  4:57  Zergling x6  
  60  5:01  Drone x2  
  60  5:02  Extractor  
  60  5:03  Spore Crawler  
  60  5:06  Lair  
  60  5:09  Zergling x4  
  60  5:13  Drone x2  
  64  5:14  Zergling x4  
  64  5:16  Zergling x2  
  64  5:20  Zergling x6  
  70  5:24  Queen  
  72  5:29  Zergling x8  
  72  5:32  Extractor  
  72  5:33  Overlord  
  72  5:34  Extractor  
  75  5:35  Drone  
  75  5:36  Drone  
  75  5:42  Drone x3  
  78  5:43  Drone x2  
  78  5:45  Drone  
  78  5:48  Overlord  
  81  5:52  Drone  
  81  5:53  Overlord  
  81  5:54  Drone x2  
  81  5:55  Drone  
  85  5:59  Baneling x6  
  85  6:00  Baneling  
  85  6:01  Zergling x2  
  85  6:02  Zergling x2  
  87  6:06  Drone  
  87  6:08  Hydralisk Den  
  87  6:09  Drone  
  87  6:11  Drone x2  
  90  6:17  Drone x2  
  88  6:20  Drone x2  
  88  6:21  Drone x5  
  88  6:22  Drone  
  90  6:29  Extractor x2  
  87  6:32  Centrifical Hooks  
  87  6:39  Overlord  
  87  6:41  Muscular Augments, Hatchery  
  87  6:42  Hydralisk  
  87  6:45  Hydralisk  
  87  6:46  Hydralisk  
  91  6:49  Hydralisk  
  91  6:53  Hydralisk  
  95  6:55  Zergling x2  
  95  6:56  Zergling x6  
  95  6:58  Zergling x4  
  95  7:01  Zergling x6  
  103  7:03  Baneling x2  
  103  7:07  Hydralisk x2  
  108  7:09  Overlord  
  108  7:12  Zergling x2  
  108  7:13  Baneling x2  
  108  7:14  Hydralisk  
  108  7:15  Zergling x4  
  113  7:19  Baneling x3  
  113  7:21  Zergling x2  
  114  7:22  Overlord  
  114  7:23  Overlord  
  114  7:24  Baneling x3  
  114  7:34  Hydralisk  
  114  7:35  Zergling x2  
  114  7:36  Zergling x14  
  118  7:37  Zergling x2  
  118  7:41  Baneling x3  
  118  7:42  Zergling x2  
  117  7:45  Baneling x4  
  117  7:47  Hydralisk x2  
  121  7:51  Hydralisk  
  121  7:53  Hydralisk  
  121  7:55  Baneling  
  121  7:56  Baneling  
  122  8:05  Hydralisk  
  112  8:07  Hydralisk x3  
  112  8:08  Zergling x6  
  112  8:10  Hydralisk  
  112  8:11  Zergling x4  
  121  8:13  Zergling x4  
  121  8:19  Hydralisk x2  
  123  8:20  Zergling x4  
  123  8:26  Drone x3  
  128  8:27  Hydralisk  
  128  8:32  Hydralisk x2  
  132  8:35  Hydralisk x2  
  132  8:36  Zergling x2  
  135  8:42  Hydralisk  
  135  8:45  Spine Crawler  
  135  8:47  Hydralisk  
  136  8:51  Hydralisk x2  
  136  8:52  Zergling x2  
  136  8:55  Zergling x4  
  140  9:08  Drone x4  
  140  9:09  Overlord x2  
  144  9:16  Overlord  
  144  9:19  Overseer  
  144  9:24  Overlord  
  144  9:29  Drone x4  
  144  9:30  Drone, Hatchery  
  148  9:37  Zergling x14  
  148  9:38  Zergling x2  
  156  9:42  Zergling x4  
  156  9:43  Zergling x2  
  156  9:45  Zergling x4  
  160  9:46  Zergling x6  
  160  9:48  Spine Crawler  
  160  9:52  Zergling x2, Overseer  
  163  9:53  Zergling x2  
  163  9:55  Baneling  
  163  9:56  Baneling x9  
  163  9:57  Zergling x4  
  163  9:58  Zergling x2  
  163  9:59  Zergling x2  
  168  10:00  Zergling x2  
  168  10:01  Zergling x2  
  168  10:02  Zergling x2  
  168  10:05  Zergling x4  
  173  10:11  Zergling x4  
  173  10:13  Zergling x2  
  175  10:16  Zergling x2  
  165  10:23  Zergling x6  
Tags
 
Add a new tag
Caveats
  • Supply blocks, unpowered buildings, or Contaminate may cause inaccurate times.
  • Supply counts are checked every 10 seconds.